 Dungeon Crawl Stone Soup version 0.29-a0-337-g68df138881 (webtiles) character file.

Game seed: 15931442187674019344

25 Fascinator the Sneak (level 2, -4/14 HPs)
             Began as a Spriggan Conjurer on Apr 17, 2022.
             Slain by a gnoll
             ... wielding a +0 spear
              (7 damage)
             ... on level 1 of the Dungeon.
             The game lasted 00:04:33 (1008 turns).

Fascinator the Sneak (Spriggan Conjurer)            Turns: 1008, Time: 00:04:33

Health: -4/14      AC:  2    Str:  3    XL:     2   Next: 82%
Magic:  0/7        EV: 17    Int: 19    God:
Gold:   25         SH:  0    Dex: 13    Spells: 6/7 levels left

rFire   . . .      SeeInvis +   j - +0 dagger
rCold   . . .      Faith    .   (no shield)
rNeg    . . .      Spirit   .   a - +0 robe
rPois   .          Reflect  .   (helmet restricted)
rElec   .          Harm     .   (no cloak)
rCorr   .          Rampage  .   (gloves unavailable)
Will    .....                   (boots unavailable)
Stlth   ++........              (no amulet)
HPRegen 0.04/turn               (no ring)
MPRegen 0.10/turn               (no ring)

@: very quick
A: very small, no large weapons, unfitting armour, see invisible, speed 3
a: no special abilities


You were on level 1 of the Dungeon.
You visited 1 branch of the dungeon, and saw 2 of its levels.

You collected 25 gold pieces.

Inventory:

Hand Weapons
 e - a +0 whip
 j - a +0 dagger (weapon)
Armour
 a - a +0 robe (worn)
Scrolls
 c - 2 scrolls of identify {unknown}
 g - a scroll of enchant weapon {unknown}
 h - a scroll of immolation {unknown}
 i - a scroll of fear {unknown}
Potions
 b - a potion of magic
 d - 2 potions of brilliance {unknown}
 f - 2 potions of heal wounds {unknown}


   Skills:
 + Level 0.3 Fighting
 + Level 3.2 Dodging
 + Level 3.6 Stealth
 * Level 3.3 Spellcasting
 - Level 3.0 Conjurations


You had 6 spell levels left.
You knew the following spells:

 Your Spells              Type           Power      Damage    Failure   Level
a - Magic Dart            Conj           56%        1d5       4%          1

Your spell library contained the following spells:

 Spells                   Type           Power      Damage    Failure   Level
 Searing Ray              Conj           28%        2d5       6%          2
 Dazzling Flash           Conj/Hex       16%        N/A       24%         3
 Fulminant Prism          Conj/Hex       4%         3d6       61%         4
 Iskenderun's Mystic Bla  Conj/Tloc      8%         2d4       61%         4


Dungeon Overview and Level Annotations

Branches:
Dungeon (2/15)

Altars:


Innate Abilities, Weirdness & Mutations

You are very small and have problems with some larger weapons.
You are too small for most types of armour.
You have supernaturally acute eyesight. (SInv)
You cover ground extremely quickly. (Speed+++)


Message History

There is a stone staircase leading up here.
The gnoll closely misses you. x2
You climb upwards.
There is a stone staircase leading down here.
You closely miss the gnoll. The gnoll barely misses you.
You hit the gnoll.
The gnoll is lightly wounded.
The gnoll completely misses you.
You hit the gnoll but do no damage.
The gnoll is lightly wounded.
The gnoll hits you with a +0 spear.
Casting: Magic Dart (safe; 4% risk of failure)
Confirm with . or Enter, or press ? or * to list all spells.
Aiming: Magic Dart (safe; 4% risk of failure)
Press: ? - help, Shift-Dir - straight line, f - gnoll
Aim: a gnoll, wielding a +0 spear (lightly wounded, 100% to hit)
The magic dart hits the gnoll.
The gnoll is moderately wounded.
The gnoll closely misses you.
You hit the gnoll.
The gnoll is moderately wounded.
The gnoll barely misses you.
You completely miss the gnoll.
The gnoll is moderately wounded.
The gnoll completely misses you.
You hit the gnoll but do no damage.
The gnoll is moderately wounded.
The gnoll closely misses you.
You hit the gnoll but do no damage.
The gnoll is moderately wounded.
The gnoll closely misses you.
You closely miss the gnoll.
The gnoll is moderately wounded.
The gnoll hits you with a +0 spear.
* * * LOW HITPOINT WARNING * * *
You hit the gnoll but do no damage.
The gnoll is moderately wounded.
The gnoll hits you with a +0 spear!
Ouch! That really hurt!
You die...

#..##...........##...
##.##..#.###....##...
###########.###.#.# #....##...
#............##.#.# #....##...
#.................# #.#####...
####.............#.### #.# #...
#..............#.#.# ###'#####...
#......####...##g#.# #...........
#......# #...##@#.# #.........##
#......# #...##...###.........#
#......# #...####...'.........#
#......# #...# #.###.........#
#.....)####...# #.# #.........#
#........##...####+###.........#
#........##....................##
#........##............####......
####...................# #......


You could see a gnoll.

Vanquished Creatures
  A gnoll (D:2)
  A dart slug (D:1)
  A bat (D:1)
  An endoplasm (D:1)
  3 goblins
  3 ball pythons
  3 kobolds
  A rat (D:1)
14 creatures vanquished.

Notes
Turn   | Place    | Note
-------+----------+-------------------------------------------
     0 | D:1      | Fascinator the Spriggan Conjurer began the quest for the
                  | Orb.
     0 | D:1      | Reached XP level 1. HP: 9/9 MP: 5/5
    76 | D:1      | Found a faded altar of an unknown god.
   486 | D:1      | Reached XP level 2. HP: 6/13 MP: 1/6
  1008 | D:1      | Slain by a gnoll

Illustrated notes

Levels and vault maps discovered:
D:1:      nzn_arrival_water_spiral, layout_basic,
          dreamdust_ecumenical_altar_grove
D:2:      layout_loops_corners, uniq_sigmund, uniq_crazy_yiuf_cottage

Skill      XL: |  1  2 |
---------------+-------+-----
Conjurations   | 3 |  3.0
Dodging        | 3 |  3.2
Spellcasting   | 3 |  3.3
Fighting       | |  0.3
Stealth        | |  3.6

Action                   || total
-------------------------++-------
Melee: Whip              ||     7
       Dagger            ||    11
 Cast: Magic Dart        ||    38
 Stab: Sleeping          ||     2
Armor: Robe              ||     1
Dodge: Dodged            ||    16

Table legend: (Time is in decaauts)
 A = Elapsed time spent in this place.
 B = Non-inter-level travel time spent in this place.
 C = Inter-level travel time spent in this place.
 D = Time resting spent in this place.
 E = Time spent auto-exploring this place.
 F = Levels seen in this place.
 G = Mean time per level.
                   A        B        C        D        E       F      G
               +--------+--------+--------+--------+--------+-----+--------+
         Total |    793 |    761 |     32 |    262 |    386 |   2 |  396.5 |
       Dungeon |    793 |    761 |     32 |    262 |    386 |   2 |  396.5 |
               +--------+--------+--------+--------+--------+-----+--------+

Top non-repeatable levels by time:
     D:1: 671 daAuts
     D:2: 122 daAuts
